 Dungeon Crawl Stone Soup version 0.20.1-1-g8b1a95d (webtiles) character file.

7733 McKennaii the Thaumaturge (level 11, -12/81 HPs)
             Began as a Purple Draconian Conjurer on July 30, 2017.
             Was a Believer of Sif Muna.
             Shot with an arrow by a centaur warrior (14 damage)
             ... on level 9 of the Dungeon.
             The game lasted 00:31:45 (13944 turns).

McKennaii the Thaumaturge (DrCj)                   Turns: 13944, Time: 00:31:46

Health: -12/81     AC: 11    Str: 10    XL:     11   Next: 0%
Magic:  1/24       EV: 14    Int: 20    God:    Sif Muna [**....]
Gold:   395        SH:  0    Dex: 11    Spells: 26/34 levels left

rFire    . . .     SeeInvis .   p - +3 dire flail of Zin's Pride {protect, rPois} (curse)
rCold    . . .     Gourm    .   (shield currently unavailable)
rNeg     . . .     Faith    .   (armour unavailable)
rPois    +         Spirit   .   (helmet restricted)
rElec    .         Reflect  .   A - +0 cloak
rCorr    .         Harm     .   v - +1 pair of gloves
MR       +....                  C - +0 pair of boots
Stlth    +++.......             h - amulet of regeneration
Regen    0.7/turn               o - ring of stealth
MPRegen  0.2/turn               t - ring of wizardry

@: no status effects
A: breathe power, unfitting armour, big wings, low mp 1, cold-blooded, subdued
magic 1, AC +7
a: Breathe Dispelling Energy, Fly, Divine Energy, Renounce Religion


You were on level 9 of the Dungeon.
You worshipped Sif Muna.
Sif Muna was pleased with you.
You were hungry.

You visited 2 branches of the dungeon, and saw 10 of its levels.

You collected 395 gold pieces.

Inventory:

Hand Weapons
 p - the cursed +3 dire flail of Zin's Pride (weapon) {protect, rPois}
   (You took it off a gnoll on level 9 of the Dungeon)

   It protects the one who uses it against injury (+AC on strike).
   It protects you from poison.
   It has a curse placed upon it.
Armour
 v - a +1 pair of gloves (worn)
 A - a +0 cloak (worn)
 C - a +0 pair of boots (worn)
Jewellery
 h - an amulet of regeneration (around neck)
 o - a ring of stealth (left hand)
 t - a ring of wizardry (right hand)
 w - an uncursed ring of ice {unknown}
Wands
 e - a wand of digging (10/24)
 j - a wand of digging (10/24)
 m - a wand of flame (23/48)
 y - a wand of iceblast (4/15)
 z - a wand of random effects (23/48)
 D - a wand of random effects (19/48)
Scrolls
 c - 4 scrolls of teleportation
 d - a scroll of fog
 f - 5 scrolls of remove curse
 i - 2 scrolls of recharging
 l - 3 scrolls of enchant armour
 n - 3 scrolls of magic mapping {unknown}
 u - a scroll of identify
Potions
 k - a potion of cancellation
 q - a potion of agility
 s - a potion of curing {unknown}
 B - 3 potions of might
Books
 a - a book of Conjurations

   Spells                             Type                      Level
   a - Magic Dart                     Conjuration                  1
   b - Searing Ray                    Conjuration                  2
   c - Dazzling Spray                 Conjuration/Hexes            3
   d - Fulminant Prism                Conjuration/Hexes            4
   e - Force Lance                    Conjuration/Translocation    4
   f - Iskenderun's Mystic Blast      Conjuration                  4
Comestibles
 b - 9 bread rations
 g - 5 fruits
 r - 7 royal jellies
 x - 4 meat rations


   Skills:
 + Level 2.9 Fighting
 + Level 0.8 Maces & Flails
 + Level 4.6 Dodging
 + Level 4.1 Stealth
 + Level 12.2 Spellcasting
 + Level 11.0 Conjurations
 + Level 0.7 Hexes
 * Level 2.7 Invocations
 + Level 0.4 Evocations


You had 26 spell levels left.
You knew the following spells:

 Your Spells              Type           Power        Failure   Level  Hunger
a - Magic Dart            Conj           ####         1%          1    None
b - Iskenderun's Mystic   Conj           #####...     1%          4    #......
c - Dazzling Spray        Conj/Hex       ####..       1%          3    None


Dungeon Overview and Level Annotations

Branches:
Dungeon (9/15)             Temple (1/1) D:6
   Lair: D:8-11         Orc: D:9-12

Altars:
Ashenzari
Cheibriados
Dithmenos
Elyvilon
Fedhas
Gozag
Hepliaklqana
Kikubaaqudgha
Makhleb
Okawaru
Qazlal
Ru
Sif Muna
Trog
Uskayaw
Vehumet
Xom
Yredelemnul
Zin
The Shining One

Shops:
D:8 (   D:9 :

Annotations:
D:3 Teleutos's ghost, amateur HuBe


Innate Abilities, Weirdness & Mutations

You can breathe bolts of dispelling energy.
Your rich purple scales are hard. (AC +7)
You cannot fit into any form of body armour.
You are cold-blooded and may be slowed by cold attacks.
Your large and strong wings let you fly indefinitely.
Your magical capacity is low. (-10% MP)
Your spells are a little easier to cast, but a little less powerful.


Message History

Aiming: Iskenderun's Mystic Blast
Press: ? - help, Shift-Dir - straight line, f/p - centaur warrior
Aim: a centaur warrior, wielding a shortbow (severely wounded)
The orb of energy hits the centaur warrior.
The centaur warrior is severely wounded.
The centaur warrior shoots an arrow.
The arrow hits you!
* * * LOW HITPOINT WARNING * * *
Casting: Iskenderun's Mystic Blast
Confirm with . or Enter, or press ? or * to list all spells.
Aiming: Iskenderun's Mystic Blast
Press: ? - help, Shift-Dir - straight line, f/p - centaur warrior
Aim: a centaur warrior, wielding a shortbow (severely wounded)
The orb of energy hits the centaur warrior.
The centaur warrior is almost dead.
The centaur warrior shoots an arrow.
The arrow closely misses you.
Press: ? - help, Shift-Dir - straight line, f/p - centaur warrior
Aim: a centaur warrior, wielding a shortbow (almost dead)
You fail to use your ability.
The centaur warrior shoots an arrow.
The arrow hits you!
You die...

######## ##.....#..........# #.
#......#####.............).### #.
#.####....##..........##.#######.
≈..≈≈#....##.................)...
...≈≈#.....).[.............†####.
§§§§≈#....####............#...>..
§§§.................c##......###.
§...≈#....########...##....#..##.
....≈#....# ##..@..........##.##.
...≈≈#....# #..##.##..........##.
#.####....###.###.###.......#.. #
..# #....##..#...###...........
.### ####....##.#...............>
...# #.........#.......#........
[..# #........##.........[....
...####..(.....##......#.#....
....).....................


You could see a centaur warrior.

Vanquished Creatures
  2 two-headed ogres
  Pikel (D:7)
  An ugly thing (D:9)
  Maurice (D:7)
  Prince Ribbit (D:5)
  A spriggan (D:7)
  A yak (D:9)
  A wyvern (D:9)
  A hungry ghost (D:7)
  An orc warrior (D:8)
  3 ice beasts
  4 slaves (D:7)
  A black bear (D:7)
  3 phantoms
  6 centaurs
  5 ogres
  A crocodile (D:8)
  A big kobold (D:8)
  8 bullfrogs
  4 scorpions
  5 howler monkeys
  5 wights
  3 centaur zombies
  5 crimson imps
  3 bullfrog zombies
  A jelly (D:7)
  7 hounds
  5 orc wizards
  4 orc priests
  Crazy Yiuf (D:7)
  5 centaur skeletons
  4 iguanas
  10 worker ants
  A worker ant zombie (D:9)
  13 adders
  15 gnolls
  2 shadow imps
  A white imp (D:9)
  An adder zombie (D:8)
  2 oozes
  An adder skeleton (D:5)
  4 dart slugs
  A leopard gecko (D:2)
  21 orcs
  5 giant cockroaches
  7 hobgoblins
  16 jackals
  2 quokkas
  3 ball pythons
  3 bats
  7 goblins
  9 kobolds
  A leopard gecko zombie (D:5)
  3 rats
223 creatures vanquished.

Notes
Turn   | Place    | Note
-------+----------+-------------------------------------------
     0 | D:1      | McKennaii the Draconian Conjurer began the quest for the Orb.
     0 | D:1      | Reached XP level 1. HP: 14/14 MP: 3/3
   565 | D:1      | Reached XP level 2. HP: 20/20 MP: 1/5
  1038 | D:2      | Reached XP level 3. HP: 13/26 MP: 0/6
  1498 | D:3      | Noticed Teleutos's ghost (amateur HuBe)
  1672 | D:3      | Found a blossoming altar of Fedhas.
  1824 | D:4      | Reached skill level 5 in Conjurations
  1824 | D:4      | Reached XP level 4. HP: 33/33 MP: 1/7
  2024 | D:4      | Reached skill level 3 in Spellcasting
  2024 | D:4      | Reached XP level 5. HP: 38/38 MP: 2/9
  2331 | D:4      | Found a glowing golden altar of the Shining One.
  3016 | D:3      | Learned a level 4 spell: Iskenderun's Mystic Blast
  3079 | D:3      | Found a blossoming altar of Fedhas.
  3080 | D:3      | Found a stormy altar of Qazlal.
  3773 | D:5      | Entered Level 5 of the Dungeon
  3867 | D:5      | Reached XP level 6. HP: 44/46 MP: 3/11
  4432 | D:5      | Reached skill level 4 in Spellcasting
  4649 | D:5      | Noticed Prince Ribbit
  4655 | D:5      | Killed Prince Ribbit
  4655 | D:5      | Your scales start taking on a rich purple colour.
  4655 | D:5      | Reached skill level 5 in Spellcasting
  4655 | D:5      | Reached XP level 7. HP: 49/51 MP: 0/15
  4850 | D:5      | Reached skill level 6 in Spellcasting
  5239 | D:6      | Found a staircase to the Ecumenical Temple.
  5264 | Temple   | Entered the Ecumenical Temple
  5630 | D:6      | Reached skill level 1 in Fighting
  5773 | D:6      | Reached XP level 8. HP: 57/59 MP: 11/18
  5855 | D:6      | Reached skill level 7 in Spellcasting
  5938 | D:6      | Learned a level 3 spell: Dazzling Spray
  6561 | D:6      | Found a hide-covered altar of Uskayaw.
  6660 | D:6      | Reached skill level 8 in Spellcasting
  6942 | D:7      | Found a basalt altar of Yredelemnul.
  6988 | D:7      | Noticed Pikel
  7378 | D:7      | Found a runed door.
  7696 | D:7      | Reached skill level 9 in Spellcasting
  7696 | D:7      | Reached XP level 9. HP: 67/67 MP: 14/22
  8145 | D:7      | Noticed Crazy Yiuf
  8147 | D:7      | Killed Crazy Yiuf
  8478 | D:7      | Killed Pikel
  8503 | D:7      | Reached skill level 10 in Spellcasting
  8685 | D:8      | Noticed Maurice
  8744 | D:7      | Gained mutation: Your spells are a little easier to cast, but a little less powerful. [potion of mutation]
  8744 | D:7      | Gained mutation: Your magical capacity is low. (-10% MP) [potion of mutation]
  8744 | D:7      | Gained mutation: Your large and strong wings let you fly indefinitely. [potion of mutation]
  8779 | D:7      | HP: 3/67 [poisoned by Maurice]
  8785 | D:7      | HP: 3/67 [poisoned by Maurice]
  8793 | D:7      | HP: 2/67 [poisoned by Maurice]
  9361 | D:7      | Killed Maurice
  9530 | D:8      | Found Wyshes's Antique Weapon Shoppe.
 10205 | D:8      | Noticed a two-headed ogre
 10438 | D:8      | Killed a two-headed ogre
 10438 | D:8      | Reached skill level 10 in Conjurations
 10438 | D:8      | Reached XP level 10. HP: 74/74 MP: 5/22
 10532 | D:8      | Found an ancient bone altar of Kikubaaqudgha.
 10851 | D:8      | Reached skill level 11 in Spellcasting
 11004 | D:8      | Found a deep blue altar of Sif Muna.
 11036 | D:8      | Became a worshipper of Sif Muna the Loreminder
 11294 | D:8      | Found a glowing silver altar of Zin.
 11383 | D:8      | Found a bloodstained altar of Trog.
 11386 | D:8      | Found a shimmering altar of Xom.
 11416 | D:9      | Noticed a two-headed ogre
 11969 | D:9      | Found Loplolo's Book Emporium.
 12442 | D:9      | Reached * piety under Sif Muna
 12663 | D:9      | HP: 2/74 [wyvern (18)]
 12809 | D:9      | Reached skill level 1 in Invocations
 13092 | D:9      | Got a transparent dire flail {protect}
 13093 | D:9      | Identified the cursed +3 dire flail of Zin's Pride {protect, rPois} (You took it off a gnoll on level 9 of the Dungeon)
 13311 | D:9      | Killed a two-headed ogre
 13311 | D:9      | Reached skill level 12 in Spellcasting
 13600 | D:9      | Found a sacrificial altar of Ru.
 13717 | D:9      | Noticed a red ugly thing
 13726 | D:9      | Noticed a two-headed ogre
 13735 | D:9      | Killed a red ugly thing
 13847 | D:9      | Reached ** piety under Sif Muna
 13847 | D:9      | Reached XP level 11. HP: 81/81 MP: 10/24
 13937 | D:9      | Noticed a centaur warrior
 13942 | D:9      | HP: 1/81 [centaur warrior/arrow (17)]
 13944 | D:9      | Shot with an arrow by a centaur warrior

Skill      XL: |  1  2  3  4  5  6  7  8  9 10 |
---------------+-------------------------------+-----
Stealth        | 2 3 4 |  4.1
Dodging        | 2 3 4 |  4.6
Conjurations   | 5 6 7 8 10 11 | 11.0
Spellcasting   | 3 5 6 9 10 12 | 12.2
Fighting       | 1 2 |  2.9
Invocations    | 2 |  2.7
Maces & Flails | |  0.8
Hexes          | |  0.7
Evocations     | |  0.4

Action                   |  1- 3 |  4- 6 |  7- 9 | 10-12 || total
-------------------------+-------+-------+-------+-------++-------
Melee: Unarmed           |    28 |    17 |    46 |   106 ||   197
       Tailslap          |     1 |     1 |     7 |    17 ||    26
       Dire flail        |       |       |       |    13 ||    13
 Cast: Magic Dart        |    67 |   125 |   384 |   196 ||   772
       Iskenderun's Myst |       |     6 |    49 |    77 ||   132
       Dazzling Spray    |       |       |     1 |     6 ||     7
 Abil: Breathe Dispellin |       |       |     7 |     7 ||    14
Evoke: Wand              |       |       |     4 |       ||     4
  Use: Scroll            |       |       |    11 |     3 ||    14
       Potion            |       |       |     8 |     1 ||     9
  Eat: Chunk             |     6 |    11 |    24 |     5 ||    46
       Bread ration      |       |       |       |     1 ||     1
Armor: Skin              |    10 |    17 |    66 |   103 ||   196
Dodge: Dodged            |    38 |    41 |   130 |   173 ||   382
